 Dungeon Crawl Stone Soup version 0.19-a0-867-g949743d (webtiles) character file.

63 Boris the Digger (level 3, -1/25 HPs)
             Began as a Mummy Earth Elementalist on July 3, 2016.
             Slain by an iguana (9 damage)
             ... on level 4 of the Dungeon.
             The game lasted 00:04:18 (2711 turns).

Boris the Digger (Mummy Earth Elementalist)         Turns: 2711, Time: 00:04:18

Health: -1/25      AC:  4    Str: 12    XL:     3   Next: 89%
Magic:  0/6        EV: 12    Int: 14    God:
Gold:   143        SH:  0    Dex: 12    Spells: 2 memorised, 2 levels left

rFire  x . .     SeeInvis .     h - +0 hand axe
rCold  + . .     Gourm    .     g - +0 leather armour
rNeg   + + +     Faith    .     (no shield)
rPois  ∞         Spirit   .     c - +1 hat
rElec  .         Dismiss  .     (no cloak)
rCorr  .         Reflect  .     (no gloves)
SustAt .         Harm     .     (no boots)
MR     .....                    (no amulet)
Stlth  +.........               (no ring)
                                (no ring)

@: not resistant to hostile enchantments, very unstealthy
A: no food or potions, fire vulnerability, cold resistance 1, negative energy
resistance 3, torment resistance, unbreathing
a: no special abilities


You were on level 4 of the Dungeon.
You were not hungry.

You visited 1 branch of the dungeon, and saw 4 of its levels.

You collected 143 gold pieces.

Inventory:

Hand Weapons
 h - a +0 hand axe (weapon)
Missiles
 b - 61 stones (quivered)
Armour
 c - a +1 hat (worn)
 g - a +0 leather armour (worn)
 k - a +1 chain mail of cold resistance
Jewellery
 m - a cursed amulet of inaccuracy {unknown}
Scrolls
 a - a scroll of fog {unknown}
 e - a scroll of magic mapping {unknown}
 f - 2 scrolls of recharging {unknown}
 i - a scroll of teleportation {unknown}
 j - 2 scrolls of identify {unknown}
 l - 2 scrolls of remove curse {unknown}
Books
 d - a book of Geomancy

   Spells                             Type                      Level
   a - Sandblast                      Earth                        1
   b - Passwall                       Transmutation/Earth          2
   c - Stone Arrow                    Conjuration/Earth            3
   d - Petrify                        Transmutation/Earth          4
   e - Lee's Rapid Deconstruction     Earth                        5
 n - a book of Misfortune

   Spells                             Type                      Level
   a - Confusing Touch                Hexes                        1
   b - Confuse                        Hexes                        3
   c - Gell's Gravitas                Hexes/Translocation          3
   d - Petrify                        Transmutation/Earth          4
   e - Metabolic Englaciation         Hexes/Ice                    5
   f - Yara's Violent Unravelling     Hexes/Transmutation          5


   Skills:
 + Level 0.6 Fighting
 + Level 1.1 Armour
 + Level 2.2 Dodging
 - Level 1.5 Stealth
 + Level 2.3 Spellcasting
   Level 0.7 Transmutations
 + Level 2.9 Earth Magic


You had 2 spell levels left.
You knew the following spells:

 Your Spells              Type           Power        Failure   Level  Hunger
a - Sandblast             Erth           ##....       10%         1    N/A
b - Stone Arrow           Conj/Erth      #.....       50%         3    N/A

Dungeon Overview and Level Annotations

Branches:
Dungeon (4/15)             Temple (0/1) D:4

Altars:
Qazlal
Ru


Innate Abilities, Weirdness & Mutations

You do not eat or drink.
Your flesh is vulnerable to fire.
You are immune to poison.
Your flesh is cold resistant. (rC+)
You are immune to negative energy. (rN+++)
You are immune to unholy pain and torment.
You can survive without breathing.


Message History

Press: ? - help, Shift-Dir - straight line, f/p - iguana
Aim: an iguana The blast of sand hits the iguana.
The iguana bites you!
Casting: Sandblast
Confirm with . or Enter, or press ? or * to list all spells.
Aiming: Sandblast
Press: ? - help, Shift-Dir - straight line, f/p - iguana
Aim: an iguana The blast of sand misses the iguana.
The iguana bites you.
* * * LOW HITPOINT WARNING * * *
Casting: Sandblast
Confirm with . or Enter, or press ? or * to list all spells.
Aiming: Sandblast
Press: ? - help, Shift-Dir - straight line, f/p - iguana
Aim: an iguana The blast of sand hits the iguana.
The iguana barely misses you.
You hit the iguana.
The iguana is lightly wounded.
The iguana bites you!
You die...

#####
..###...#
......# ## ##
#...#####.#...
#!.<..........
#.#...........
#...##@l......
##.###.......>
... .........
#...
##........
#... #........
.... #........
##. ###..#.PP
..#.P$


You could see an iguana.

Vanquished Creatures
  2 adders (D:2)
  A worm (D:2)
  A dart slug (D:2)
  A giant cockroach (D:2)
  2 goblins
  8 hobgoblins
  A quokka (D:3)
  6 bats
  8 giant newts
  8 kobolds
  3 rats
41 creatures vanquished.

Notes
Turn   | Place    | Note
-------+----------+-------------------------------------------
     0 | D:1      | Boris the Mummy Earth Elementalist began the quest for the Orb.
     0 | D:1      | Reached XP level 1. HP: 13/13 MP: 3/3
   943 | D:1      | Reached XP level 2. HP: 15/19 MP: 1/5
  1698 | D:2      | Reached XP level 3. HP: 21/25 MP: 6/6
  2074 | D:2      | Learned a level 3 spell: Stone Arrow
  2113 | D:2      | Found a stormy altar of Qazlal.
  2113 | D:2      | Found a sacrificial altar of Ru.
  2118 | D:2      | Reached skill level 1 in Armour
  2381 | D:2      | Found a stormy altar of Qazlal.
  2704 | D:4      | Found a staircase to the Ecumenical Temple.
  2711 | D:4      | Slain by an iguana

Vault maps used:
D:1:      minmay_arrival_radiant_lines
D:2:      grunt_temple_overflow_open, nicolae_qazlal_eye_of_the_storm
D:3:      ecumenical_altar_2, minmay_crystal_water
D:4:      grunt_gozag_statues, first_bread, serial_shops, shop_statue,
          minmay_gold_behind_fungi

Skill      XL: |  1  2  3 |
---------------+----------+-----
Dodging        | 2 |  2.2
Armour         | 1 |  1.1
Fighting       | |  0.6
Stealth        | |  1.5
Spellcasting   | |  2.3
Transmutations | |  0.7
Earth Magic    | |  2.9

Action                   || total
-------------------------++-------
Melee: Unarmed           ||    27
       Hand axe          ||   135
 Cast: Sandblast         ||    34
 Stab: Sleeping          ||     2
Armor: Leather armour    ||    67
       Robe              ||     2
Dodge: Dodged            ||   144
